 Dungeon Crawl Stone Soup version 0.24-a0-10-gb84795d (console) character file.

Game seed: 11312358110166890393

472 Voker57 the Slasher (level 6, 0/48 HPs)
             Began as a Demonspawn Gladiator on Jan 31, 2019.
             Slain by Eustachio
             ... wielding a +4 rapier
              (5 damage)
             ... on level 4 of the Dungeon.
             The game lasted 00:10:28 (5400 turns).

Voker57 the Slasher (Demonspawn Gladiator)          Turns: 5400, Time: 00:10:28

Health: 0/48       AC:  3    Str: 19      XL:     6   Next: 83%
Magic:  6/6        EV: 14    Int:  8 (9)  God:
Gold:   207        SH:  0    Dex: 15 (17) Spells: 5/5 levels left

rFire    . . .     SeeInvis .   a - +0 long sword
rCold    . . .     Gourm    .   (no shield)
rNeg     . . .     Faith    .   b - +0 leather armour
rPois    .         Spirit   .   (helmet restricted)
rElec    .         Reflect  .   (no cloak)
rCorr    .         Harm     .   (no gloves)
MR       .....                  (no boots)
Stlth    +.........             (no amulet)
HPRegen  0.16/turn              (no ring)
MPRegen  0.10/turn              (no ring)

@: mighty
A: antennae 1, demonic guardian 1, sturdy frame 1
a: no special abilities


You were on level 4 of the Dungeon.
You were hungry.

You visited 1 branch of the dungeon, and saw 4 of its levels.

You collected 207 gold pieces.

Inventory:

Hand Weapons
 a - a +0 long sword (weapon)
 i - a +2 spear of freezing
Armour
 b - a +0 leather armour (worn)
 c - a +0 helmet
 p - a +0 helmet
Jewellery
 h - an uncursed amulet of magic regeneration {unknown}
 o - a cursed ring of attention
Wands
 k - a wand of acid (7)
Scrolls
 d - a scroll of enchant armour {unknown}
 g - 3 scrolls of fog {unknown}
 j - a scroll of amnesia {unknown}
 l - 4 scrolls of identify {unknown}
 m - 2 scrolls of teleportation {unknown}
 q - 3 scrolls of remove curse {unknown}
Potions
 n - a potion of haste
 s - a potion of magic
 u - a potion of lignification {unknown}
Comestibles
 f - 6 rations


   Skills:
 + Level 4.0 Fighting
 * Level 5.4 Long Blades
 - Level 1.7 Throwing
 + Level 4.2 Dodging


You had 5 spell levels left.
You didn't know any spells.
Your spell library was empty.

Dungeon Overview and Level Annotations

Branches:
Dungeon (4/15)
 Temple: D:4-7

Altars:
Ashenzari
Cheibriados
Gozag
Ru

Annotations:
D:3 2 transporters, Natasha
D:4 Eustachio


Innate Abilities, Weirdness & Mutations

You have a pair of small antennae on your head.
A weak demonic guardian rushes to your aid.
Your movements are slightly less encumbered by armour. (ER -2)


Message History

Eustachio is heavily wounded.
The ufetubus barely misses you. The ufetubus misses you.
It was a potion of might.
You feel very mighty all of a sudden. The ufetubus closely misses you.
You riposte.
You slash the ufetubus!
You kill the ufetubus!
Eustachio closely misses you.
You slash Eustachio!
Eustachio is severely wounded.
Eustachio casts a spell.
You closely miss Eustachio.
Eustachio is severely wounded.
The bat hits you.
* * * LOW HITPOINT WARNING * * *
The bat hits your iron imp but does no damage.
Your iron imp hits the bat!
The bat dies!
The bat's corpse disappears in a puff of smoke!
Eustachio hits you with a +4 rapier.
You die...

#.# #.
#.##.####.###
#.# #.##.##.#
#...#
#.###.##.##.#
#...#
.........##.#
...
#......####.#
#.#
.......####.#
#.#
............#
#.#
######.######
#5#
#.##########ยง#
#..........@@#
##############


You could see Eustachio and a friendly iron imp.

Vanquished Creatures
  2 orc priests
  A bullfrog skeleton (D:4)
  Terence (D:3)
  Natasha (twice) (D:3)
  An orc wizard (D:4)
  2 worker ants (D:4)
  Robin (D:2)
  5 adders
  An ooze (D:3)
  3 worms
  2 dart slugs
  4 leopard geckos
  8 orcs
  2 ball pythons
  13 bats
  4 giant cockroaches
  13 goblins
  9 hobgoblins
  6 jackals
  2 quokkas
  4 frilled lizards
  9 kobolds
  11 rats
106 creatures vanquished.

Vanquished Creatures (collateral kills)
  Blork the orc (D:4)
  A worker ant (D:4)
  A hobgoblin (D:2)
  3 goblins (D:2)
  A rat (D:3)
7 creatures vanquished.

Grand Total: 113 creatures vanquished

Notes
Turn   | Place    | Note
-------+----------+-------------------------------------------
     0 | D:1      | Voker57 the Demonspawn Gladiator began the quest for the
                  | Orb.
     0 | D:1      | Reached XP level 1. HP: 16/16 MP: 1/1
   115 | D:1      | Reached skill level 3 in Long Blades
   115 | D:1      | Gained mutation: Your movements are slightly less
                  | encumbered by armour. (ER -2) [demonic ancestry]
   115 | D:1      | Reached XP level 2. HP: 19/22 MP: 2/2
   580 | D:2      | Gained mutation: A weak demonic guardian rushes to your
                  | aid. [demonic ancestry]
   580 | D:2      | Reached XP level 3. HP: 21/28 MP: 3/3
  1184 | D:2      | Noticed Robin
  1204 | D:2      | Killed Robin
  1247 | D:2      | Gained mutation: You have a pair of small antennae on your
                  | head. [demonic ancestry]
  1247 | D:2      | Reached XP level 4. HP: 34/34 MP: 4/4
  2303 | D:3      | Reached skill level 4 in Long Blades
  2314 | D:3      | Found a snail-covered altar of Cheibriados.
  2317 | D:3      | Found a sacrificial altar of Ru.
  2317 | D:3      | Noticed Terence
  2333 | D:3      | Killed Terence
  2556 | D:3      | Found an opulent altar of Gozag.
  2639 | D:3      | Reached XP level 5. HP: 20/41 MP: 5/5
  2982 | D:3      | Found a transporter.
  3005 | D:3      | Noticed Natasha
  3010 | D:3      | Killed Natasha
  3049 | D:3      | Noticed Natasha
  3061 | D:3      | Killed Natasha
  3349 | D:3      | Found a transporter.
  3349 | D:3      | Noticed Natasha
  3361 | D:3      | Found a shattered altar of Ashenzari.
  3573 | D:4      | Reached XP level 6. HP: 31/47 MP: 6/6
  3914 | D:4      | Reached skill level 5 in Long Blades
  4117 | D:4      | Noticed Blork the orc
  4131 | D:4      | Killed Blork the orc
  5338 | D:4      | Noticed Eustachio
  5400 | D:4      | Slain by Eustachio

Vault maps used:
D:1:      scummos_arrival_simple_crosswalls
D:2:      chequers_big_river, uniq_robin
D:3:      grunt_temple_overflow_diamond, gammafunk_temple_overflow_arena,
          minmay_close_crescents, uniq_natasha, uniq_terence
D:4:      uniq_eustachio, uniq_blork_the_orc

Skill      XL: |  1  2  3  4  5  6 |
---------------+-------------------+-----
Long Blades    | 3 4 5 |  5.4
Dodging        | 3 4 |  4.2
Fighting       | 3 4 |  4.0
Throwing       | |  1.7

Action                   |  1- 3 |  4- 6 || total
-------------------------+-------+-------++-------
Melee: Long sword        |   137 |   279 ||   416
Throw: Throwing net      |       |     9 ||     9
Evoke: Wand              |       |     2 ||     2
  Use: Potion            |     1 |     6 ||     7
 Stab: Sleeping          |     3 |     3 ||     6
       Held in net/web   |       |     7 ||     7
       Distracted        |       |     4 ||     4
  Eat: Chunk             |     1 |    10 ||    11
       Ration            |       |     1 ||     1
Armor: Leather armour    |    64 |    68 ||   132
Dodge: Dodged            |   127 |   259 ||   386
       Rpst.: Long sword |    41 |    70 ||   111

Table legend:
 A = Non-vault XP
 B = Vault XP
 C = Vault XP percentage of total XP
 D = Non-vault monster count
 E = Vault monster count
 F = Vault count percentage of total count
                 A         B        C        D         E       F
            +---------+---------+-------+---------+---------+-------
      Total |     502 |     173 |  25.6 |      95 |      18 |  15.9
            +---------+---------+-------+---------+---------+-------
        D:1 |      37 |       0 |   0.0 |      26 |       0 |   0.0
        D:2 |      58 |      31 |  34.8 |      24 |      12 |  33.3
        D:3 |     149 |      67 |  31.0 |      28 |       5 |  15.2
        D:4 |     258 |      75 |  22.5 |      17 |       1 |   5.6
            +---------+---------+-------+---------+---------+-------
